[Event "37th ECCC 2022"]
[Site "Mayrhofen"]
[Date "2022.10.06"]
[Round "4.23"]
[White "Movsesian, Sergei"]
[Black "Ozen, Deniz"]
[Result "1-0"]
[ECO "C07"]
[WhiteElo "2619"]
[BlackElo "2397"]
[Annotator "TA"]
[PlyCount "67"]
[EventDate "2022.10.03"]
[EventType "team-tourn"]
[EventCountry "AUT"]
[SourceTitle "playchess.com"]
[Source "ChessBase"]
[SourceQuality "1"]
[TimeControl "40/5400+30:1800+30"]

1. e4 e6 2. d4 d5 3. Nd2 c5 4. Ngf3 cxd4 5. Nxd4 Nc6 6. Bb5 Bd7 7. Nxc6 bxc6 8. Bd3 Bd6 {[%emt 0:00:33] C07: French Tarrasch: 3...c5, 4 Ngf3 and 4 exd5 Qxd5.} 9. Qe2 e5 {[%emt 0:04:34] is more profitable than 9...Ne7 at the moment.} 10. c4 d4 {[%emt 0:00:50] The position is equal.} 11. O-O c5 12. f4 (12. b4 $5) 12... Ne7 ({But not} 12... exf4 13. e5 Be7 14. Ne4 $16) 13. b4 cxb4 {[%emt 0:09:29] [#]} 14. a3 $146 {[%emt 0:22:48] [#]} ({Predecessor:} 14. fxe5 Bxe5 15. Qh5 Ng6 16. a3 b3 17. Nf3 Qb8 18. Ng5 b2 19. Bxb2 Qxb2 20. Nxf7 {1-0 (46) Gurel,E (2403)-Gunduz,U (2349) Ayvalik 2022}) 14... Nc6 $1 ({Much less strong is} 14... exf4 15. e5 Bc7 16. axb4 $14) 15. Nb3 bxa3 16. c5 {[%emt 0:02:41] [#]} Bc7 (16... Be7 $1 $17 {White should prevent ...a5.} 17. Bc4 O-O) 17. f5 $11 f6 (17... Qf6 $11) 18. Bc4 $36 {[%emt 0:02:56][%mdl 2048] aiming for Qh5+. White has the initiative.} Kf8 19. Rxa3 a5 20. Nd2 ({Reject} 20. Qh5 Be8 21. Qd1 Nb4 $17) ({White should try} 20. Bd2 $14) 20... Qe7 (20... Nb4 $15) 21. Kh1 (21. Nb3 $11) 21... Be8 ({Better is} 21... Qxc5 $17 22. Ra1 Nb4) 22. Rg3 $11 Bf7 (22... Nb4 $15) 23. Bd5 Qd7 24. Qg4 Rg8 25. Be6 Qe7 26. Nc4 {[%emt 0:04:09][%cal Oc1h6] And now Bh6! would win.} (26. Bd5 $5 Qd7 27. Be6 $15) 26... h5 27. Qh3 Qxc5 (27... Rh8 $1 $15) 28. Bxf7 Kxf7 29. Qxh5+ Ke7 (29... Kf8 $11 {keeps the balance.}) 30. Ba3 $16 {[%emt 0:00:44][%mdl 1024] White has strong compensation. White has more active pieces.} Nb4 31. Rc1 {[%emt 0:00:11][%cal Oc4e3] Threatens to win with Ne3! Dancing on a razor blade.} Bd6 $2 (31... Qb5 $16) 32. Qh7 $18 Kf7 33. h4 Rac8 34. Nxd6+ {[%emt 0:00:33] Weighted Error Value: White=0.21 (precise) /Black=0.52} 1-0

[Event "37th ECCC 2022"]
[Site "Mayrhofen"]
[Date "2022.10.06"]
[Round "4.24"]
[White "Kamer, Kayra"]
[Black "Cornette, Matthieu"]
[Result "1/2-1/2"]
[ECO "A00"]
[WhiteElo "2354"]
[BlackElo "2572"]
[Annotator "TA"]
[PlyCount "125"]
[EventDate "2022.10.03"]
[EventType "team-tourn"]
[EventCountry "AUT"]
[SourceTitle "playchess.com"]
[Source "ChessBase"]
[SourceQuality "1"]
[TimeControl "40/5400+30:1800+30"]

1. g3 e5 2. Bg2 Nf6 3. c4 Bc5 4. Nc3 c6 5. e3 O-O 6. Nge2 {[%emt 0:01:19] A23: English Opening: 1...e5 2 Nc3 Nf6 3 g3 c6.} Bb6 7. d4 exd4 8. exd4 {[%emt 0:05:29] The position is equal.} d5 9. cxd5 Nxd5 10. Nxd5 cxd5 11. O-O Nc6 {[%emt 0:00:14] was the old line (11...Bg4).} 12. Nc3 Bxd4 13. Nxd5 Be6 14. Qf3 {[%emt 0:00:29] [#]} Qa5 $146 ({Predecessor:} 14... Qd7 15. Be3 Bg4 16. Qf4 Bxb2 17. Rab1 Be5 18. Qa4 Rad8 19. Qb5 Qe6 20. Rfe1 Rfe8 {½-½ (80) Tomilova,E (2332)-Protopopova,A (2332) Satka 2018}) 15. Bf4 Rad8 16. Nc3 Rd7 17. Rfc1 Rfd8 18. h4 (18. Rd1 $15) 18... h6 ({Better is} 18... h5 $17 {White must now prevent ...Bg4.} 19. Qe2 Re7) 19. Qe2 $15 {[%emt 0:06:18] Inhibits Bg4.} Nb4 {[%emt 0:07:23][%cal Ob4d3] ...Nd3! is the strong threat.} 20. Be4 {[%emt 0:06:55] Against Nd3} Bxc3 (20... Nxa2 $2 21. Nxa2 a6 22. Re1 $1 $18) 21. Rxc3 Nd5 22. Bxd5 Qxd5 23. Qe5 Qxe5 24. Bxe5 Rd1+ 25. Rxd1 Rxd1+ {[%emt 0:00:04][%mdl 4096] Endgame KRB-KRB} 26. Kh2 Bxa2 27. g4 Be6 28. g5 hxg5 29. hxg5 Rd2 30. Rf3 Kh7 31. Kg3 Kg6 32. Re3 b5 ({Don't do} 32... Kxg5 33. Bf4+ Kf5 34. Re5+ Kf6 35. Rxe6+ Kxe6 36. Bxd2 $18) 33. Bc3 Rc2 34. b4 Rc1 35. Be5 Rc4 (35... Kxg5 $2 36. Bf4+ Kf5 37. Re5+ Kf6 38. Rxe6+ Kxe6 39. Bxc1 $18) 36. Bd6 a6 37. f4 Rc2 38. Be7 Kh5 39. Bf8 Kg6 40. Be7 $1 Rb2 41. Bf8 Rd2 42. Be7 Bd5 43. Re5 (43. Bf8 $15) 43... f6 $17 44. gxf6 gxf6 45. Re3 {[%emt 0:00:00] [#]} Kf5 $1 46. Ra3 Bb7 47. Rc3 Rd7 (47... Rg2+ $142 48. Kh3 Rg7 49. Rc5+ Kxf4 50. Bd6+ Ke3 51. Rc3+ Ke4) 48. Re3 Bd5 49. Kf2 Bc4 50. Kg3 Rd1 ({Black should try} 50... Be6 $17 51. Bc5 Rd2) 51. Ra3 $11 Rg1+ 52. Kf2 Rf1+ 53. Kg3 Rxf4 54. Rf3 (54. Rxa6 $11 {might be stronger.} Kg5 55. Rc6) 54... Rxf3+ $17 {[%emt 0:00:10] Black is better.} 55. Kxf3 {[%emt 0:00:00] KB-KB} Ke5 56. Bd8 f5 57. Bc7+ Kd5 58. Kf4 Bd3 59. Bd8 Kc4 60. Ba5 Be4 61. Ke5 Kc3 62. Kf4 Kd4 63. Bb6+ {[%emt 0:00:00] Weighted Error Value: White=0.09 (flawless) /Black=0.08 (flawless)} 1/2-1/2

[Event "37th ECCC 2022"]
[Site "Mayrhofen"]
[Date "2022.10.06"]
[Round "4.25"]
[White "Maghsoodloo, Parham"]
[Black "Pechac, Jergus"]
[Result "1-0"]
[ECO "D02"]
[WhiteElo "2721"]
[BlackElo "2633"]
[Annotator "TA"]
[PlyCount "133"]
[EventDate "2022.10.03"]
[EventType "team-tourn"]
[EventCountry "AUT"]
[SourceTitle "playchess.com"]
[Source "ChessBase"]
[SourceQuality "1"]
[TimeControl "40/5400+30:1800+30"]

1. d4 d5 2. Nf3 Nf6 3. Bf4 c5 4. e3 Nc6 5. Nbd2 cxd4 6. exd4 {[%emt 0:00:06] D02: 1 d4 d5 2 Nf3 sidelines, including 2...Nf6 3 g3 and 2...Nf6 3 Bf4.} Bf5 7. c3 e6 8. Qb3 {[%emt 0:02:41] The position is equal.} Bd6 {[%emt 0:00:08] is currently scoring better than 8...Qc8.} 9. Bxd6 Qxd6 10. Be2 O-O 11. O-O h6 12. Rfe1 Qc7 13. a4 a6 {[%emt 0:01:59] [#]} 14. Qa3 $146 ({Predecessor:} 14. Qd1 Rac8 15. Rc1 Rfd8 16. Bf1 Qb6 17. Qb3 Qxb3 18. Nxb3 Ne4 19. h4 Nd6 20. g3 {½-½ (40) Yarmolyuk,Y (2245)-Dard,M (2321) LSS email 2017}) 14... Nd7 15. a5 Rfe8 16. h3 Bg6 17. Bf1 Bh5 18. Re3 Bxf3 19. Nxf3 e5 20. dxe5 (20. Nxe5 {looks sharper.} Ndxe5 21. dxe5 Nxe5 22. Qa2) 20... Ndxe5 21. Nxe5 Rxe5 22. Rxe5 Qxe5 23. Qc5 Rc8 24. Rd1 Ne7 25. Qa3 Nc6 26. g3 d4 27. cxd4 Qxa5 28. Qf3 Re8 29. d5 $1 Ne5 30. Qe3 Qa4 31. b3 $1 Qd7 32. d6 Re6 33. Qb6 {[%emt 0:02:47] White is more active.} Nf3+ (33... Re8 $16 34. Bg2 Nc6 35. Bxc6 bxc6 36. Qxa6 Rd8) 34. Kh1 $18 {[%emt 0:01:04] Hoping for Qc7.} Re1 $2 (34... Re8 35. Bg2 Ng5 36. Qxb7 Qxb7 37. Bxb7 Nxh3) 35. Rxe1 Nxe1 {[%emt 0:00:03][%mdl 4096] Endgame KQB-KQN} 36. g4 $2 (36. Qc7 Qf5 37. Qxb7 Qxf2 38. Bc4) 36... Kf8 37. Qc7 Ke8 {[%emt 0:03:27] And now ...Qxc7 would win.} 38. Qb8+ Qd8 39. Qxb7 Qxd6 40. Qe4+ ({Better is} 40. Bxa6 $18 {Bc4 is the strong threat.} Kd8 41. Qa8+ Ke7 42. Qb7+ Kf8 43. Qa8+ Ke7 44. Bc4) 40... Qe7 41. Qa8+ Qd8 42. Qxd8+ ({But not} 42. Qxa6 $6 Qd5+ 43. Kh2 Qe5+ 44. Kh1 Qd5+ 45. Kh2 Qe5+ 46. Kh1 Qd5+ $11) 42... Kxd8 43. Bxa6 $16 {[%emt 0:00:01] KB-KN} Kc7 44. f4 Kb6 45. Bc4 f6 {[%emt 0:00:00] [#]} 46. Kg1 $1 Kc5 47. Kf2 Nc2 48. Kf3 Kd4 49. g5 fxg5 {[%emt 0:00:00][%mdl 8192] This costs Black the game.} (49... hxg5 $16 50. fxg5 Ke5) 50. fxg5 $18 Ke5 (50... Ne3 $142 51. gxh6 gxh6) 51. Kg4 Ne3+ {[%emt 0:00:00] [#]} 52. Kh5 $1 Ng2 53. gxh6 Nf4+ 54. Kg4 gxh6 55. Bf1 Nd5 56. Kh5 Ne3 57. Bc4 (57. Bd3 $142 Ng2 58. Kxh6) 57... Nf5 58. Bd3 {[%emt 0:00:00] White threatens Bxf5 and mate.} Nd4 59. b4 Kf4 60. b5 {[%emt 0:00:00] White wants to mate with b6.} Kg3 61. b6 {[%emt 0:00:00] White mates.} Nc6 62. Bf1 Na5 63. Kxh6 Kh4 64. Bg2 Nc4 65. b7 Ne5 66. b8=Q Ng6 67. Qd8+ {[%emt 0:00:17] Weighted Error Value: White=0.18 (very precise) /Black=0.38} 1-0

[Event "37th ECCC 2022"]
[Site "Mayrhofen"]
[Date "2022.10.06"]
[Round "4.26"]
[White "Banusz, Tamas"]
[Black "Van Foreest, Jorden"]
[Result "1/2-1/2"]
[ECO "A05"]
[WhiteElo "2622"]
[BlackElo "2694"]
[Annotator "TA"]
[PlyCount "73"]
[EventDate "2022.10.03"]
[EventType "team-tourn"]
[EventCountry "AUT"]
[SourceTitle "playchess.com"]
[Source "ChessBase"]
[SourceQuality "1"]
[TimeControl "40/5400+30:1800+30"]

1. Nf3 Nf6 2. g3 g6 3. Bg2 Bg7 4. d4 O-O 5. c4 d6 6. Nc3 Re8 7. O-O {[%emt 0:00:41] E62: King's Indian: Fianchetto: 6...c6 and Panno Variation (6...Nc6) without ...a6.} Bd7 {[%emt 0:00:07] [#]} 8. d5 $146 ({Predecessor:} 8. b3 e5 9. dxe5 dxe5 10. Ng5 Bc6 11. Qxd8 Rxd8 12. Nge4 Nxe4 13. Nxe4 Nd7 14. Ba3 f5 15. Ng5 Bxg2 16. Kxg2 Re8 17. Rad1 Nf6 {½-½ (17) Ribli,Z (2569)-Kempinski,R (2528) Germany 2000}) 8... a5 9. Nd4 {[%emt 0:00:29] White has an edge.} Na6 10. h3 Nc5 11. Be3 e5 12. dxe6 Nxe6 13. Nxe6 (13. Bxb7 {is interesting.} Nxd4 14. Bxa8 Qxa8 15. Bxd4 Bxh3 16. f3) 13... Bxe6 14. b3 Qc8 15. h4 Bh3 16. Bd4 Bxg2 17. Kxg2 Qf5 18. e3 Rad8 19. Qf3 Qxf3+ 20. Kxf3 {[%emt 0:00:02] The position is equal.} d5 21. Rad1 {[%emt 0:10:55] With the idea cxd5.} dxc4 22. bxc4 Nd7 23. Nb5 Bxd4 24. exd4 Nb6 25. c5 Nd5 26. Rfe1 Kf8 27. Rxe8+ Rxe8 $11 {[%emt 0:00:19][%mdl 4096] Endgame KRN-KRN} 28. Rc1 f5 29. Nc3 Nxc3 30. Rxc3 {[%emt 0:00:02] KR-KR} Re4 31. Rb3 b6 32. cxb6 cxb6 33. d5 Rd4 34. Rxb6 {[%emt 0:00:29] next Rb5 is good for White.} Rxd5 35. Rb7 Rd2 36. Rxh7 {[%emt 0:01:08] And now h5 would win.} Kg8 37. Ra7 {[%emt 0:04:49] An even fight not without its subleties.  Weighted Error Value: White=0.03 (flawless) /Black=0.04 (flawless)} 1/2-1/2

[Event "37th ECCC 2022"]
[Site "Mayrhofen"]
[Date "2022.10.06"]
[Round "4.27"]
[White "Amin, Bassem"]
[Black "Michalik, Peter"]
[Result "1-0"]
[ECO "A06"]
[WhiteElo "2667"]
[BlackElo "2558"]
[Annotator "TA"]
[PlyCount "85"]
[EventDate "2022.10.03"]
[EventType "team-tourn"]
[EventCountry "AUT"]
[SourceTitle "playchess.com"]
[Source "ChessBase"]
[SourceQuality "1"]
[TimeControl "40/5400+30:1800+30"]

1. Nf3 d5 2. g3 g6 3. Bg2 Bg7 4. O-O c5 5. d3 Nf6 6. Nbd2 O-O 7. e4 Nc6 8. c3 dxe4 9. dxe4 Nd7 {[%emt 0:00:42] A08: King's Indian Attack.} 10. Qe2 b6 (10... Qc7 $11) 11. e5 $14 {[%emt 0:02:46] [#]} e6 $146 {[%emt 0:00:56] White is better.} ({Predecessor:} 11... Qc7 12. e6 fxe6 13. Qxe6+ Kh8 14. Ng5 Nde5 15. Qd5 Rd8 16. Qb3 Na5 17. Qa4 c4 18. Bxa8 {0-1 (66) Hein,A-Reinemer,F Wittlich 1990}) 12. Ne4 (12. Nd4 $6 cxd4 13. Bxc6 dxc3 $1 14. Bxa8 (14. bxc3 Rb8 $11) 14... cxd2 15. Qxd2 (15. Bxd2 Nc5 $11) 15... Ba6 $11) 12... Qc7 13. Bf4 Bb7 14. Nd6 h6 15. h4 Rad8 16. Nxb7 {[%emt 0:13:16] White has more active pieces.} Qxb7 17. Rad1 Qc7 18. Rfe1 Ndb8 19. Nh2 {[%emt 0:08:29] Hoping for Ng4.} Rxd1 20. Rxd1 h5 {[%emt 0:03:42][%cal Rg7e5] Against Ng4} 21. Re1 Nd7 22. Nf3 (22. Bxc6 {with more complications.} Qxc6 23. g4 f6 24. gxh5 gxh5 25. exf6 Rxf6 26. Bg5) 22... Rd8 23. a4 Nf8 24. g4 hxg4 25. Nh2 Ne7 26. Nxg4 Qd7 27. Be4 Nh7 28. Bc2 Nf5 {[%emt 0:03:10] [#]} 29. h5 $1 Qe7 30. hxg6 fxg6 31. Nf6+ Kh8 32. Kg2 Nh4+ 33. Kh3 Nxf6 {[%emt 0:02:50][%mdl 8192] A mistake that costs the game.} (33... Bxf6 $2 34. exf6 Qf7 35. Qxe6 Qxe6+ 36. Rxe6 $18) (33... Nf5 $16) 34. Bg5 $18 {[%emt 0:00:54][%mdl 64] Pin. This bishop pair is nice.} Qf8 (34... Nf5 $2 35. Bxf5 exf5 36. exf6 Qxe2 37. fxg7+ (37. Rxe2 Bf8 $16) 37... Kxg7 38. Rxe2) 35. Kxh4 (35. exf6 Bxf6 36. Bxh4 Bxh4 $18) (35. Bxh4 Nh5 36. Qe4 Rd2 $14) 35... Nh5 (35... Rd5 $142 36. Bb3 (36. Bxf6 Bxf6+ 37. Kg3 Rxe5 $15) (36. Bxg6 Nh7 $16) 36... Ne4 37. Qxe4 Rxe5) 36. Bxd8 Qxd8+ 37. Kg4 Bh6 38. Rh1 {[%emt 0:01:25] And now Qe4 would win.} (38. Qd3 Qg5+ 39. Kf3 Nf4 $11) 38... Qg5+ 39. Kf3 Nf4 $2 (39... Qf4+ {keeps fighting.} 40. Kg2 Qg5+ 41. Kf1 Qc1+ 42. Bd1 Nf4) 40. Qf1 (40. Qe4 $142) 40... Kg7 41. Be4 c4 42. Qg1 {[%emt 0:05:09] aiming for Qxg5.} (42. Qxc4 Qg2+ 43. Ke3 Nh3+ 44. Kd3 Nxf2+ 45. Kc2 Nxe4+ 46. Kb3 Nd2+ 47. Kb4 a5+ 48. Kb5 Nxc4 49. Re1 Qd5+ 50. Ka6 Qc6 51. Ka7 Qc7+ 52. Ka6 b5 53. Kxb5 Qb7+ 54. Kxc4 Qd5#) 42... Ng2 $2 (42... Qxe5 43. Qh2 Qh5+ 44. Qxh5 gxh5) 43. Qh2 {[%emt 0:01:01] Weighted Error Value: White=0.17 (very precise) /Black=0.36} ({Not} 43. Qxg2 Qf4+ 44. Ke2 Qd2+ 45. Kf3 Qf4+ 46. Ke2 Qd2+ 47. Kf3 Qf4+ $11) 1-0

[Event "37th ECCC 2022"]
[Site "Mayrhofen"]
[Date "2022.10.06"]
[Round "4.28"]
[White "Prohaszka, Peter"]
[Black "Vocaturo, Daniele"]
[Result "0-1"]
[ECO "A06"]
[WhiteElo "2570"]
[BlackElo "2615"]
[Annotator "TA"]
[PlyCount "138"]
[EventDate "2022.10.03"]
[EventType "team-tourn"]
[EventCountry "AUT"]
[SourceTitle "playchess.com"]
[Source "ChessBase"]
[SourceQuality "1"]
[TimeControl "40/5400+30:1800+30"]

1. Nf3 d5 2. e3 Nf6 3. c4 e6 4. Nc3 c5 5. d4 Nc6 6. cxd5 exd5 7. Be2 Bd6 8. dxc5 Bxc5 9. O-O O-O 10. b3 a6 11. Bb2 Ba7 12. Rc1 Re8 13. h3 {[%emt 0:13:10] D32: Tarrasch Defence: Sidelines and lines without g3.} Bf5 14. Bd3 Be4 15. Bb1 {[%emt 0:10:13] [#] The position is equal.} (15. Nxe4 dxe4 16. Bxa6 (16. Bxf6 $2 Qxf6 17. Bc4 exf3 $19) 16... exf3 17. Bxb7 fxg2 18. Kxg2 Ne5 $17) 15... Bxf3 $146 ({Predecessor:} 15... Bxb1 16. Nxb1 Ne4 17. Nc3 Qa5 18. a3 Rad8 19. Ne2 Qc7 20. Ned4 Bb8 {1-0 (43) Aleksandrov,A (2612)-Naumkin,I (2443) Moscow 2012}) 16. Qxf3 d4 17. Ne4 Nxe4 (17... Qe7 $14 18. Nxf6+ Qxf6) 18. Bxe4 $16 {[%emt 0:00:02] This bishop pair is nice.} dxe3 19. fxe3 Qe7 (19... f6 $16 {was worth a try.}) 20. Bxc6 (20. Rc4 $18 Ne5 21. Bxe5 Qxe5 22. Qxf7+ Kh8 23. Bxb7 (23. Qxb7 Bxe3+ 24. Kh1 Rad8 $16) 23... Bxe3+ 24. Kh1) 20... bxc6 21. Kh1 $1 (21. Rxc6 $6 Qxe3+ 22. Kh1 Qxf3 23. gxf3 Re2 $11) 21... f6 22. Rxc6 (22. Qxc6 Bxe3 23. Rce1 Qd8 $11) 22... Bxe3 23. Qg3 {[%emt 0:09:20] Rc7 is the strong threat.} (23. Bxf6 gxf6 24. Rxf6 Qe4 25. Qxe4 (25. Qh5 Kh8 $17) 25... Rxe4 $17) 23... Bg5 {[%emt 0:00:28] [#]} 24. Rc7 (24. Bxf6 $1 $14 gxf6 25. h4) 24... Qe3 (24... Bh4 $1 $11 25. Qf4 (25. Rxe7 Bxg3 26. Rxe8+ Rxe8 $15) 25... Qe4) 25. Qg4 Kh8 {[%emt 0:03:21][%mdl 8192] [#]} (25... Re6 $16) 26. Bc1 $2 (26. Qd7 Rg8 $11) (26. Rxg7 $1 $18 Kxg7 27. Rxf6) 26... Qe5 $11 27. Bf4 $40 {[%emt 0:01:08][%mdl 128] White mounts an attack.} Qb5 28. Rfc1 h6 (28... Qb4 $11 {remains equal.} 29. R1c4 (29. Bxg5 Qxg4 30. hxg4 fxg5 $11) 29... Qe1+ 30. Kh2 h6) 29. h4 $16 f5 30. Qg3 Bf6 {[%emt 0:00:06] [#]} 31. Bxh6 $1 Qe5 (31... gxh6 {leads to mate.} 32. Qg6 Be7 33. Qxh6+ Kg8 34. R1c6) 32. Bf4 Qe2 33. Qg6 {[%emt 0:01:12] Against Qh5} Rad8 34. R7c2 Qe4 (34... Qg4 $142 35. Qxg4 fxg4) 35. Qh5+ ({White should try} 35. Rc4 Rd4 36. Rc5) 35... Kg8 36. Bg5 {[%emt 0:00:20][%mdl 8192] [#]} (36. Rc4 $16 {stays on course.} Qe2 37. Qxf5) 36... Rd3 $1 $19 {[%emt 0:00:30] Active counter play!} 37. Kg1 Bd4+ 38. Kf1 {[%emt 0:00:30] [#] Threatens to win with Rc8.} Rh3 $3 39. Qxe8+ Qxe8 40. gxh3 {[%emt 0:00:04] Strongly threatening Rc8.} Qe4 41. Rd2 f4 42. Rcc2 Be3 43. Rh2 (43. Rd8+ $142 Kh7 44. Rc4 Qf3+ 45. Ke1) 43... Kh7 {[%emt 0:04:26] And now ...Bb6 would win.} 44. Rce2 Qd3 $2 (44... Qb1+ 45. Kg2 Qd3 46. Rxe3 fxe3 47. Bxe3 Qxe3) 45. Rhf2 Bxf2 {[%emt 0:04:19] Chess con chili.} 46. Kxf2 {[%emt 0:00:01][%mdl 4096] Endgame KQ-KRB} Qg3+ ({But not} 46... Qxh3 $2 47. Bxf4 Qxh4+ 48. Bg3 Qd4+ 49. Kf1 $19) 47. Kf1 Qxh3+ 48. Ke1 $2 (48. Kg1) 48... Qg3+ (48... f3 $142 49. Rd2 Qg3+ 50. Rf2 Kg6) 49. Rf2 f3 {[%emt 0:00:15] Hoping for ...Kg6.} 50. Kf1 Kg6 51. Bd2 Qh3+ 52. Kg1 Qg4+ ({Avoid the trap} 52... Qxh4 $2 53. Rxf3 Qd4+ 54. Rf2) 53. Kf1 Qe4 54. Be1 Qd3+ 55. Kg1 Kf5 56. Rd2 Qe3+ 57. Kf1 Ke4 58. Rf2 $2 (58. Rh2 {only move.}) 58... Qd3+ 59. Kg1 Qd7 {[%emt 0:01:46] aiming for ...Qg4+.} 60. Rh2 Qg4+ 61. Kf1 Qh5 {[%emt 0:00:22] White must now prevent ...g5.} 62. Rd2 $2 (62. Kg1) 62... g5 63. Rc2 g4 {[%emt 0:03:24] ( -> ...Qd5)} 64. Rc4+ Kd5 {[%emt 0:00:15] Black mates.} 65. Bg3 Qg6 66. Kf2 Qd3 67. Bb8 Qe2+ 68. Kg3 f2 69. Rf4 f1=Q {[%emt 0:00:15] Never resign too early!  Weighted Error Value: White=0.72/Black=0.44} 0-1

[Event "37th ECCC 2022"]
[Site "Mayrhofen"]
[Date "2022.10.06"]
[Round "4.29"]
[White "Van Wely, Loek"]
[Black "Czebe, Attila"]
[Result "1-0"]
[ECO "E00"]
[WhiteElo "2629"]
[BlackElo "2366"]
[Annotator "TA"]
[PlyCount "145"]
[EventDate "2022.10.03"]
[EventType "team-tourn"]
[EventCountry "AUT"]
[SourceTitle "playchess.com"]
[Source "ChessBase"]
[SourceQuality "1"]
[TimeControl "40/5400+30:1800+30"]

1. d4 e6 2. c4 Bb4+ 3. Bd2 Bxd2+ 4. Qxd2 Nf6 5. Nf3 O-O 6. g3 d6 7. Bg2 Nc6 8. Nc3 e5 9. O-O Bg4 10. e3 {[%emt 0:01:25] [#] E11: Bogo-Indian.} exd4 $146 ({Predecessor:} 10... h6 11. h3 Bd7 12. e4 Nh7 13. d5 Ne7 14. Ne1 f5 15. Nd3 Ng5 16. exf5 Bxf5 17. h4 Nh7 {0-1 (37) Kazakovskiy,V (2473)-Meier,G (2628) Tornelo INT 2020}) 11. Nxd4 Qd7 12. Nd5 {[%emt 0:12:19] White is slightly better.} Nxd5 13. cxd5 Ne7 (13... Nxd4 $142 14. Qxd4 Rfc8) 14. Rfc1 $16 Rac8 15. Qb4 Rb8 16. Qa5 Rfc8 17. Qxa7 {[%emt 0:01:48] White is much more active. The black rooks are badly placed.} c5 18. dxc6 $1 bxc6 19. Qxd7 Bxd7 20. Rc2 Rb6 21. Rd1 Ra6 22. b3 Rca8 23. Rdd2 Rb8 24. Ne2 c5 25. Nc3 Be6 26. Bf1 Rc6 27. Rc1 h6 28. Bg2 Ra6 29. Rcd1 (29. e4 $18) 29... d5 30. Nxd5 Bxd5 31. Bxd5 Nxd5 32. Rxd5 {[%emt 0:00:06] aiming for Rd8+.} Rxa2 33. Rxc5 {[%emt 0:00:09][%mdl 4096] Endgame KRR-KRR} Rb2 34. Rd7 R2xb3 35. Rcc7 Rf8 36. g4 Rb6 37. h3 Rf6 38. f4 Re6 39. Kf2 g6 40. Ra7 Re4 41. Rdc7 Re6 42. h4 Re4 43. Rc5 Rfe8 44. Ra3 Rb4 45. Kf3 Re7 46. h5 gxh5 47. Rxh5 Kg7 48. Rd5 Rb1 49. Rd6 Rc7 (49... Rf1+ $14 50. Kg2 Re1) 50. Ra8 (50. Rd8 $16) 50... Rf1+ (50... Rh1 $1 $14) 51. Kg2 (51. Ke2 $16 Rh1 52. Rdd8) 51... Re1 $11 52. Kf2 Rh1 53. Rdd8 {[%emt 0:00:00] And now Rg8+ would win.} Rh3 $1 54. Ke2 Rb7 55. Rg8+ Kf6 56. Ra3 Ke7 (56... Rb2+ $11 57. Kd3 Rb6) 57. Kd3 (57. Rh8 $16) 57... Rg3 (57... Kf6 $14) 58. Raa8 ({White should try} 58. Kd4 $16) 58... Rh3 $2 (58... Rb3+ $2 59. Kd4 $18) (58... Kf6 $1 $11) 59. Rae8+ (59. Kd4 $1 $18 {is the precise move to win.}) 59... Kf6 $16 60. Rh8 Rh4 $2 (60... Rb3+ $16 {was necessary.} 61. Kd4 Rh4) 61. g5+ $1 $18 Kf5 (61... hxg5 $2 62. fxg5+ Kxg5 63. Reg8+ Kf5 64. Rxh4 $18) 62. gxh6 $2 ({Resist} 62. Rxh6 $6 Rxh6 63. gxh6 Kg6 64. Rg8+ Kxh6 $16) (62. Re5+ $1 $18 Kg6 63. Rg8+ Kh7 64. Ree8) 62... f6 $1 $11 63. Rd8 Ra7 64. Rd5+ Kg6 ({Black should play} 64... Kg4 $1 $14) 65. Rd6 (65. Rg8+ $1 $16 Kxh6 66. Rd6) 65... Rf7 {[%emt 0:00:34] [#]} (65... Kf5 $1 $14) 66. Rdd8 (66. Rg8+ $1 $18 Kh7 67. Rdd8 Rxh6 68. Rh8+ Kg6 69. f5+ Kg5 70. Rdg8+ Kh5 71. e4) 66... Ra7 $16 {[%emt 0:01:01] [#]} 67. Rdg8+ (67. Ke4 $1 $16 {Rdg8+ is the strong threat.} Re7+ 68. Kf3) 67... Kf5 $11 68. Rg3 Rh1 69. Kc4 Rc7+ 70. Kd3 Ra7 71. Rf8 {[%emt 0:00:46] Hoping for Rg5+.} Ra3+ 72. Kc4 Rxh6 $2 (72... Ra6 $11) 73. e4+ $1 {[%emt 0:00:08] Weighted Error Value: White=0.20 (precise) /Black=0.21 (precise)} 1-0

[Event "37th ECCC 2022"]
[Site "Mayrhofen"]
[Date "2022.10.06"]
[Round "4.30"]
[White "Korpa, Bence"]
[Black "Tregubov, Pavel V."]
[Result "0-1"]
[ECO "E20"]
[WhiteElo "2496"]
[BlackElo "2548"]
[Annotator "TA"]
[PlyCount "70"]
[EventDate "2022.10.03"]
[EventType "team-tourn"]
[EventCountry "AUT"]
[SourceTitle "playchess.com"]
[Source "ChessBase"]
[SourceQuality "1"]
[TimeControl "40/5400+30:1800+30"]

1. d4 Nf6 2. c4 e6 3. Nc3 Bb4 4. f3 c5 5. a3 Bxc3+ 6. bxc3 Nc6 7. e4 d6 8. Ne2 {[%emt 0:00:40] E24: Nimzo-Indian: Sämisch: Unusual Black 5th moves and 5...c5 sidelines.} e5 (8... b6 $15) 9. d5 $14 Ne7 {[%emt 0:02:36] [#]} 10. g4 $146 {[%emt 0:10:16] White is slightly better.} ({Predecessor:} 10. h4 h5 11. Ng3 Bd7 12. Bd2 Qc7 13. a4 O-O-O 14. a5 Rdf8 15. Bd3 Kb8 16. Bc2 {½-½ (36) Yu,Y (2764)-Wojtaszek,R (2749) Shenzhen 2018}) 10... Ng6 11. h4 h5 $1 12. g5 Ng8 13. Ng3 {[%emt 0:21:20] Against f5} N8e7 {[%emt 0:00:08] Against Nf5} 14. Bd3 Bd7 15. Rb1 Qc7 16. Nf5 Kf8 (16... Nxf5 $1 $11 17. exf5 Ne7) 17. Ng3 (17. Kf2 {with more complications.} Bc8 18. Ng3 b6 19. Be3) 17... Kg8 18. Qb3 b6 19. Ne2 {[%emt 0:07:30] Prevents Nf4.} (19. Nf5 $11) 19... Rf8 $15 20. Be3 (20. a4 $11 {keeps the balance.}) 20... f5 $17 21. gxf6 Rxf6 22. Kd2 ({White should play} 22. Kf2 $15) 22... Rxf3 23. Rbf1 $2 {[%emt 0:03:41] [#] This costs White the game.} (23. Bg5 $17 {might work better.}) 23... Nxh4 $1 $19 24. Bg5 Rxf1 25. Rxf1 Nhg6 26. Ng3 Bh3 27. Rg1 Qd7 28. Qd1 Bg4 29. Qf1 {[%emt 0:00:40] [#]} (29. Be2 {only move.}) 29... Nf4 30. Bxf4 exf4 31. Qxf4 Ng6 {[%emt 0:00:23] Against e5} 32. Qe3 Ne5 {[%emt 0:00:39] Black is clearly winning.} 33. Be2 h4 34. Nf5 Bxf5 35. exf5 Qxf5 {[%emt 0:00:30] Weighted Error Value: White=0.33/Black=0.13 (very precise)} 0-1